 Dungeon Crawl Stone Soup version 0.30.1-3-gfc49f6343a (webtiles) character file.

Game seed: 3990337154846135639

1493 LynnLen the Vexing (level 8, -2/36 HPs)
             Began as a Spriggan Enchanter on July 29, 2023.
             Was an Initiate of Dithmenos.
             Killed from afar by a steam dragon (20 damage)
             ... with a ball of steam
             ... on level 6 of the Dungeon.
             The game lasted 00:19:39 (6404 turns).

LynnLen the Vexing (Spriggan Enchanter)             Turns: 6404, Time: 00:19:41

Health: -2/36      AC:  9    Str:  4    XL:     8   Next: 51%
Magic:  15/17      EV: 17    Int: 18    God:    Dithmenos [......]
Gold:   246        SH:  0    Dex: 16    Spells: 9/17 levels left

rFire   . . .        C - +1 short sword (protect)
rCold   . . .        (no shield)
rNeg    . . .        b - +0 robe
rPois   +            (helmet restricted)
rElec   .            (no cloak)
rCorr   .            (gloves unavailable)
SInv    +            (boots unavailable)
Will    +....        f - amulet of magic regeneration
Stlth   ++++         g - ring of poison resistance
HPRegen 0.26/turn    (no ring)
MPRegen 0.55/turn

%: no passive effects
@: lethally poisoned (-2 -> -5), under a protective aura, very quick
A: very small, no large weapons, unfitting armour, see invisible, speed 3
a: Renounce Religion


You were on level 6 of the Dungeon.
You worshipped Dithmenos.
Dithmenos was noncommittal.
You visited 2 branches of the dungeon, and saw 7 of its levels.
You also visited: Sewer.

You collected 246 gold pieces.

Inventory:

Hand Weapons
 q - a +2 short sword of speed
 x - a +2 short sword of holy wrath
 C - a +1 short sword of protection (weapon)
Missiles
 w - 25 poisoned darts
 B - a throwing net
Armour
 b - a +0 robe (worn)
 y - an orb of energy
 A - a +0 troll leather armour {Pargi}
Jewellery
 f - an amulet of magic regeneration (around neck)
 g - a ring of poison resistance (left hand)
Wands
 a - a wand of flame (8)
 e - a wand of mindburst (1)
Scrolls
 h - a scroll of enchant weapon {unknown}
 i - a scroll of blinking
 k - a scroll of vulnerability
 l - 2 scrolls of teleportation
 n - a scroll of poison
Potions
 c - 2 potions of invisibility
 d - a potion of berserk rage
 j - a potion of mutation {unknown}
 o - 2 potions of resistance
 p - 2 potions of heal wounds
 r - 2 potions of haste {unknown}
 t - 2 potions of curing
 u - 2 potions of might {unknown}
 z - a potion of ambrosia {unknown}


   Skills:
 + Level 4.5 Short Blades
 - Level 2.6 Dodging
 + Level 7.6 Stealth
 + Level 5.4 Spellcasting
 * Level 7.7 Hexes
 * Level 4.4 Ice Magic


You had 9 spell levels left.
You knew the following spells:

 Your Spells              Type           Power      Damage    Failure   Level
a - Ensorcelled Hibernat  Hex/Ice        52%        N/A       1%          2
b - Confusing Touch       Hex            32%        N/A       1%          3
c - Tukima's Dance        Hex            32%        N/A       1%          3

Your spell library contained the following spells:

 Spells                   Type           Power      Damage    Failure   Level
 Dazzling Flash           Conj/Hex       36%        N/A       8%          3
 Apportation              Tloc           8%         N/A       13%         1
 Gell's Gravitas          Tloc           4%         N/A       36%         3
 Teleport Other           Tloc           4%         N/A       36%         3
 Volatile Blastmotes      Fire/Tloc      8%         2d10      36%         3
 Iskenderun's Mystic Bla  Conj/Tloc      4%         2d3       77%         4
 Alistair's Intoxication  Tmut/Pois      2%         N/A       98%         5
 Dispersal                Tloc           2%         N/A       100%        6
 Starburst                Conj/Fire      2%         6d3       100%        6


Dungeon Overview and Level Annotations

Branches:
Dungeon (6/15)             Temple (1/1) D:4           Sewer (visited)

Altars:
Ashenzari
Cheibriados
Dithmenos
Fedhas
Gozag
Hepliaklqana
Makhleb
Nemelex Xobeh
Ru
Sif Muna
Trog
Uskayaw
Vehumet
Wu Jian
Xom
Yredelemnul
Zin
The Shining One

Shops:
D:4 (


Innate Abilities, Weirdness & Mutations

You are very small and have problems with some larger weapons.
You are too small for most types of armour.
You have supernaturally acute eyesight. (SInv)
You cover ground extremely quickly. (Speed+++)


Message History

The orc wizard hits you but does no damage.
You barely miss the orc wizard.
The orc wizard is moderately wounded.
You barely miss the orc wizard.
The orc wizard is moderately wounded.
The orc wizard hits you with a +2 dagger of venom.
You barely miss the orc wizard.
The orc wizard is moderately wounded.
The orc wizard hits you but does no damage.
You are poisoned.
You closely miss the orc wizard.
The orc wizard is moderately wounded.
You feel sick.
The orc wizard hits you with a +2 dagger of venom.
You closely miss the orc wizard.
The orc wizard is moderately wounded.
You feel sick.
You hit the orc wizard but do no damage.
Your weapon exudes an aura of protection.
The orc wizard is moderately wounded.
You feel sick.
The orc wizard gestures at you while chanting.
The magic dart hits you!
You hit the orc wizard.
The orc wizard is heavily wounded.
The orc wizard closely misses you.
Unknown command.
Okay, then.
Aiming: Ensorcelled Hibernation (safe; 1% risk of failure)
Press: ? - help, Q - select action, (/) - cycle Shift-Dir - straight line, f - orc wizard
Aim: an orc wizard, wielding a +2 dagger of venom and wearing a +0 robe (heavily wounded, slightly transparent, chance to affect: 57%)
The orc wizard resists with significant effort.
You feel sick.
The orc wizard hits you with a +2 dagger of venom.
The steam dragon breathes steam at you.
The ball of steam hits the orc wizard! x2
The orc wizard dies!
The ball of steam hits you!!
Ouch! That really hurt!
You die...

*,,,*** **,,,,,** ***,* **,**,**
**,......** **,*,*
******,*,,,****,,.....,,****,,,,,
,,,,,,,,,,,,,,+,,....,,,+,,,,,,,*
,*****,*,,,****,,...,,,,****,,,**
,* *,**,** **,D.,,,,** **,*,, ,*
*,**########o,,,,** ***,* ,* *,*
#......ยง#o,,** *,* ,* *,*
*,****#@##+#* *,* ,* *,* *,*
#.##.#*#####****,* ,*
*,**#.#####.##.##.....,,**,* **
*,,,................#**,**,*
****#.#####.#...#....,,,**,*
*,****#......#,,,*****,*
*,......#.[.##,,,,,,,,,*
**########.##*,,,******* #.#
*****


You could see an orc wizard (invisible).

Vanquished Creatures
  Sigmund (D:3)
  A steam dragon (D:6)
  Pargi (Sewer)
  A black bear (D:5)
  5 ogres
  A scorpion (D:5)
  A jelly (D:4)
  An orc priest (D:6)
  A gnoll bouda (D:5)
  An orc wizard (D:6)
  5 iguanas
  10 gnolls
  6 adders
  2 ufetubi
  A worm (D:5)
  5 dart slugs
  11 orcs
  9 ball pythons
  3 endoplasms
  3 giant cockroaches
  4 hobgoblins
  7 quokkas
  A bat (D:1)
  4 frilled lizards
  5 goblins
  10 kobolds
  20 rats
120 creatures vanquished.

Vanquished Creatures (collateral kills)
  5 gnolls (D:5)
5 creatures vanquished.

Vanquished Creatures (others)
  A dancing weapon (D:5)
  An orc wizard (D:6)
2 creatures vanquished.

Grand Total: 127 creatures vanquished

Notes
Turn   | Place    | Note
-------+----------+-------------------------------------------
     0 | D:1      | LynnLen the Spriggan Enchanter began the quest for the Orb.
     0 | D:1      | Reached XP level 1. HP: 9/9 MP: 5/5
   260 | D:1      | Reached XP level 2. HP: 13/13 MP: 6/6
   266 | D:1      | Learned a level 2 spell: Ensorcelled Hibernation
   324 | D:1      | Found a faded altar of an unknown god.
  1106 | D:2      | Reached XP level 3. HP: 16/16 MP: 8/8
  1110 | D:2      | Learned a level 3 spell: Confusing Touch
  1114 | D:2      | Learned a level 3 spell: Tukima's Dance
  1740 | D:3      | Noticed Sigmund
  1836 | D:3      | Killed Sigmund
  1837 | D:3      | Reached skill level 5 in Stealth
  1837 | D:3      | Reached skill level 5 in Hexes
  1837 | D:3      | Reached skill level 1 in Ice Magic
  1837 | D:3      | Reached XP level 4. HP: 21/21 MP: 4/10
  1837 | D:3      | Reached XP level 5. HP: 24/24 MP: 4/11
  2774 | D:4      | Noticed an ogre
  2809 | D:4      | Reached XP level 6. HP: 27/28 MP: 5/12
  3038 | D:4      | Found Kest's Weapon Emporium.
  3300 | D:4      | Found a staircase to the Ecumenical Temple.
  3349 | Temple   | Entered the Ecumenical Temple
  3820 | D:5      | Entered Level 5 of the Dungeon
  4177 | D:5      | Reached XP level 7. HP: 32/32 MP: 14/14
  4375 | D:5      | Found a burning altar of Makhleb.
  4388 | D:5      | Found a glowing drain.
  4431 | Sewer    | Entered a sewer
  4531 | Sewer    | Noticed Pargi
  4535 | Sewer    | Killed Pargi
  4790 | D:5      | Found a shadowy altar of Dithmenos.
  4837 | D:5      | Reached XP level 8. HP: 36/36 MP: 16/16
  4853 | D:5      | Reached skill level 5 in Spellcasting
  5073 | D:5      | Became a worshipper of Dithmenos the Shadowed
  5807 | D:6      | Noticed a hornet
  6404 | D:6      | Killed from afar by a steam dragon

Illustrated notes

Levels and vault maps discovered:
D:1:      minmay_arrival_cross, layout_loops_ring,
          shapermc_ecumenical_altar_mp_ritualfount
D:2:      layout_basic
D:3:      wad_woods_pond, layout_basic, minmay_rat_hole, uniq_sigmund
D:4:      layout_loops_ring, minmay_temple_entry_enclosed_plants, serial_shops,
          shop
D:5:      layout_cave_pods, mainiacjoe_overflow_paths,
          mainiacjoe_overflow_chevrons, cheibrodos_sewer_entry_drain,
          nrook_loot_triangle, serial_bayou_ford_a
D:6:      layout_loops_corners, nicolae_shop_vocational
Temple:   lightli_temple_of_artemis

Skill      XL: |  1  2  3  4  5  6  7  8 |
---------------+-------------------------+-----
Hexes          | 4 5 6 7 |  7.7
Spellcasting   | 3 4 5 |  5.4
Short Blades   | 2 3 4 |  4.5
Stealth        | 5 6 7 |  7.6
Ice Magic      | 1 2 3 4 |  4.4
Dodging        | |  2.6

Action                     |  1- 3 |  4- 6 |  7- 9 || total
---------------------------+-------+-------+-------++-------
  Melee: Dagger            |    45 |       |       ||    45
         Short sword       |    31 |   111 |    90 ||   232
         Punch             |       |     1 |     1 ||     2
   Cast: Ensorcelled Hiber |     9 |    27 |    30 ||    66
         Tukima's Dance    |       |       |    13 ||    13
  Evoke: Wand              |       |     4 |     2 ||     6
    Use: Scroll            |     1 |     2 |     9 ||    12
         Potion            |     1 |       |       ||     1
   Stab: Sleeping          |    11 |    29 |    25 ||    65
 Armour: Robe              |     9 |     4 |     4 ||    17
  Dodge: Dodged            |    44 |    63 |    40 ||   147
